 Dungeon Crawl Stone Soup version 0.30.1-11-g7821555f0a (webtiles) character file.

Game seed: 9331814358323020590

10785534 comborobin the Merry Gnoll (level 27, 110/259 HPs)
             Began as a Gnoll Delver on June 6, 2023.
             Was the Champion of Cheibriados.
             Escaped with the Orb
             ... and 11 runes on Nov 11, 2023!
             The game lasted 04:06:08 (79486 turns).

comborobin the Merry Gnoll (Gnoll Delver)          Turns: 79486, Time: 04:06:08

Health: 110/259    AC: 38    Str: 36    XL:     27
Magic:  46/49      EV: 46    Int: 39    God:    Cheibriados [******]
Gold:   6438       SH: 40    Dex: 44    Spells: 6/71 levels left

rFire   + + +        a - +9 morningstar of Defiance {heavy, rC+}
rCold   + + .        H - +9 tower shield of Experimentation {Harm}
rNeg    . . .        B - +5 fire dragon scales
rPois   +            y - +2 helmet "Ner Zoeri" {Will+ Str+3}
rElec   +            M - +1 cloak {rPois}
rCorr   +            r - +2 pair of gloves {Dex+3}
SInv    +            h - +2 pair of boots "Awecvott" {Dex+4}
Will    ++++.        s - amulet of Oryll {RegenMP rElec rC+ Str-4}
Stlth   +++          U - ring "Ranwaul" {Contam Fly rElec Str+4 Int+8}
HPRegen 0.63/turn    f - ring "Huew" {Dex+7 SInv}
MPRegen 0.71/turn

%: harm (+30% outgoing, +20% incoming)
@: brilliant, resistant, attractive, flying, studying 2 skills, invisible, very
slow
A: fangs 1, strong nose, distributed training, iridescent scales 1,
strong-willed 1, poison resistance, robust 1
0: Orb of Zot
}: 11/15 runes: serpentine, barnacled, slimy, silver, icy, abyssal, demonic,
glowing, magical, fiery, dark
a: Renounce Religion, Bend Time, Temporal Distortion, Slouch, Step From Time


You escaped.
You worshipped Cheibriados.
Cheibriados was exalted by your worship.
You visited 14 branches of the dungeon, and saw 64 of its levels.
You visited Pandemonium 1 time, and saw 10 of its levels.
You visited the Abyss 2 times.
You visited 1 bazaar.
You also visited: Trove, Ice Cave and Desolation.

You collected 8925 gold pieces.
You spent 2487 gold pieces at shops.

Inventory:

Hand Weapons
 a - the +9 morningstar of Defiance (weapon) {heavy, rC+}
   (You bought it in a shop in a bazaar)

   rC:        It protects you from cold.
 g - a +0 longbow of freezing
 x - the +6 halberd "Erech" {spect, Str+6}
   (You found it in Pandemonium)

   Str:       It affects your strength (+6).
 A - a +3 eudemon blade of holy wrath
 F - a +3 spectral broad axe
 N - a +9 great mace of holy wrath
 Y - the +6 sword of Cerebov {flame}
   (You took it off Cerebov in Pandemonium)
Missiles
 D - 23 javelins
 J - 30 boomerangs
 L - 2 throwing nets (quivered)
Armour
 h - the +2 pair of boots "Awecvott" (worn) {Dex+4}
   (You found it on level 5 of the Vaults)

   Dex:       It affects your dexterity (+4).
 o - the +0 helmet "Uso Tidd" {rC+ Int+2}
   (You found it in an ice cave)

   Int:       It affects your intelligence (+2).
   rC:        It protects you from cold.
 r - a +2 pair of gloves of dexterity (worn)
 y - the +2 helmet "Ner Zoeri" (worn) {Will+ Str+3}
   (You acquired it on level 5 of the Dungeon)

   Str:       It affects your strength (+3).
   Will:      It increases your willpower.
 B - +5 fire dragon scales (worn)
 H - the +9 tower shield of Experimentation (worn) {Harm}
   (You took it off a daeva in Pandemonium)

   Harm:      It increases damage dealt and taken.
 I - +6 gold dragon scales
 M - a +1 cloak of poison resistance (worn)
 X - +0 pearl dragon scales
Magical Staves
 b - the staff of air "Soku" {rElec rPois Str+3 SInv}
   (You found it on level 5 of the Vaults)

   [staff of air]

   Base accuracy: +5 Base damage: 5 Base attack delay: 1.2 This weapon's minimum
   attack delay (0.6) is reached at skill level 12.
   Str:       It affects your strength (+3).
   rElec:     It insulates you from electricity.
   rPois:     It protects you from poison.
   SInv:      It lets you see invisible.
   It falls into the 'Staves' category.
   It is a one-handed weapon.
Jewellery
 f - the ring "Huew" (right hand) {Dex+7 SInv}
   (You found it in Pandemonium)

   [ring of see invisible]

   Dex:       It affects your dexterity (+7).
   SInv:      It lets you see invisible.
 s - the amulet of Oryll (around neck) {RegenMP rElec rC+ Str-4}
   (You acquired it on level 3 of the Shoals)

   [amulet of magic regeneration]

   It increases your rate of magic regeneration.
   Str:       It affects your strength (-4).
   rC:        It protects you from cold.
   rElec:     It insulates you from electricity.
 K - an amulet of regeneration
 P - the ring "Qehyup" {rCorr Int+3 SInv}
   (You took it off an ironbound convoker on level 5 of the Vaults)

   [ring of resist corrosion]

   Int:       It affects your intelligence (+3).
   SInv:      It lets you see invisible.
   rCorr:     It protects you from acid and corrosion.
 R - a ring of positive energy
 U - the ring "Ranwaul" (left hand) {Contam Fly rElec Str+4 Int+8}
   (You took it off a deep elf master archer on level 3 of the Elven Halls)

   [ring of flight]

   Str:       It affects your strength (+4).
   Int:       It affects your intelligence (+8).
   rElec:     It insulates you from electricity.
   Fly:       It grants you flight.
   Contam:    It causes magical contamination when unequipped.
 V - the ring "Lyehedgh" {Wiz Str+4}
   (You found it in an ice cave)

   [ring of wizardry]

   It improves your spell success rate.
   Str:       It affects your strength (+4).
Wands
 u - a wand of digging (15)
 v - a wand of light (18)
Scrolls
 c - 2 scrolls of fog
 e - 4 scrolls of fear
 j - 44 scrolls of identify
 m - 18 scrolls of poison
 n - 2 scrolls of torment
 w - a scroll of magic mapping
 E - 13 scrolls of immolation
 G - 17 scrolls of teleportation
 S - 7 scrolls of silence
 T - 2 scrolls of summoning
 Z - 12 scrolls of blinking
Potions
 d - 6 potions of brilliance
 i - 7 potions of lignification
 k - 3 potions of resistance
 l - 9 potions of heal wounds
 p - 3 potions of cancellation
 q - 4 potions of attraction
 t - 21 potions of mutation
 z - 28 potions of curing
 C - 7 potions of flight
 O - a potion of ambrosia
 Q - 4 potions of might
 W - 4 potions of invisibility


   Skills:
 + Level 23.4 Fighting
 + Level 22.7 Short Blades
 + Level 22.7 Long Blades
 O Level 27 Axes
 + Level 23.0 Maces & Flails
 + Level 22.7 Polearms
 + Level 22.7 Staves
 O Level 27 Ranged Weapons
 + Level 22.7 Throwing
 + Level 22.7 Armour
 + Level 23.0 Dodging
 + Level 24.1 Stealth
 + Level 22.7 Shields
 + Level 22.7 Unarmed Combat
 + Level 22.7 Spellcasting
 + Level 19.4 Conjurations
 + Level 19.4 Hexes
 + Level 19.4 Summonings
 + Level 19.4 Necromancy
 + Level 19.4 Translocations
 + Level 19.4 Transmutations
 + Level 19.4 Fire Magic
 + Level 24.0 Ice Magic
 + Level 19.4 Air Magic
 + Level 19.4 Earth Magic
 + Level 19.4 Poison Magic
 + Level 24.5 Invocations
 + Level 22.7 Evocations


You had 6 spell levels left.
You knew the following spells:

 Your Spells              Type           Power      Damage    Failure   Level
a - Freezing Cloud        Conj/Ice/Air   71%        6-21      0%          5
b - Dazzling Flash        Conj/Hex       100%       N/A       0%          3
c - Blink                 Tloc           100%       N/A       0%          2
d - Vhi's Electric Charg  Tloc/Air       100%       N/A       0%          3
g - Sublimation of Blood  Necr           100%       N/A       0%          2
n - Lesser Beckoning      Tloc           100%       N/A       0%          2
o - Ozocubu's Armour      Ice            100%       N/A       0%          3
w - Passwall              Tmut/Erth      100%       N/A       0%          2
A - Apportation           Tloc           100%       N/A       0%          1
B - Conjure Ball Lightni  Conj/Air       69%        3x3d26    1%          6
C - Maxwell's Capacitive  Air            69%        ∞         1%          8
F - Summon Forest         Summ/Tloc      69%        N/A       0%          5
G - Malign Gateway        Summ/Tloc      69%        N/A       1%          7
M - Manifold Assault      Tloc           100%       N/A       0%          4
N - Necromutation         Tmut/Necr      69%        N/A       1%          8
O - Olgreb's Toxic Radia  Pois           100%       N/A       0%          4

Your spell library contained the following spells:

 Spells                   Type           Power      Damage    Failure   Level
 Foxfire                  Conj/Fire      100%       2x1d9     0%          1
 Freeze                   Ice            100%       1d10      0%          1
 Kiss of Death            Conj/Necr      100%       2d13      0%          1
 Magic Dart               Conj           100%       1d8       0%          1
 Necrotise                Necr           100%       1d9       0%          1
 Sandblast                Erth           100%       2d20      0%          1
 Sting                    Tmut/Pois      100%       1d8       0%          1
 Summon Small Mammal      Summ           100%       N/A       0%          1
 Call Imp                 Summ           100%       N/A       0%          2
 Cigotuvi's Dreadful Rot  Necr/Pois/Air  100%       N/A       0%          2
 Ensorcelled Hibernation  Hex/Ice        100%       N/A       0%          2
 Momentum Strike          Conj/Tloc      100%       3d10      0%          2
 Poisonous Vapours        Pois/Air       100%       N/A       0%          2
 Scorch                   Fire           100%       2d9       0%          2
 Searing Ray              Conj           100%       2d8       0%          2
 Static Discharge         Conj/Air       100%       2-7/arc   0%          2
 Call Canine Familiar     Summ           100%       N/A       0%          3
 Confusing Touch          Hex            100%       N/A       0%          3
 Hailstorm                Conj/Ice       100%       3d20      0%          3
 Ignite Poison            Fire/Tmut/Pois 100%       N/A       0%          3
 Inner Flame              Hex/Fire       100%       N/A       0%          3
 Mephitic Cloud           Conj/Pois/Air  100%       N/A       0%          3
 Portal Projectile        Hex/Tloc       100%       N/A       0%          3
 Spider Form              Tmut/Pois      100%       N/A       0%          3
 Stone Arrow              Conj/Erth      100%       3d13      0%          3
 Summon Guardian Golem    Hex/Summ       100%       N/A       0%          3
 Tukima's Dance           Hex            100%       N/A       0%          3
 Vampiric Draining        Necr           100%       2d13      0%          3
 Volatile Blastmotes      Fire/Tloc      100%       2d18      0%          3
 Airstrike                Air            69%        2d(10-26) 0%          4
 Anguish                  Hex/Necr       69%        N/A       0%          4
 Animate Armour           Summ/Erth      100%       N/A       0%          4
 Animate Dead             Necr           100%       N/A       0%          4
 Cause Fear               Hex            69%        N/A       0%          4
 Dispel Undead            Necr           100%       3d31      0%          4
 Flame Wave               Conj/Fire      100%       2d21      0%          4
 Fulminant Prism          Conj/Hex       69%        3d28      0%          4
 Ice Form                 Ice/Tmut       100%       N/A       0%          4
 Iskenderun's Mystic Bla  Conj/Tloc      100%       2d19      0%          4
 Leda's Liquefaction      Hex/Erth       69%        N/A       0%          4
 Petrify                  Tmut/Erth      100%       N/A       0%          4
 Sticky Flame             Conj/Fire      100%       2d11      0%          4
 Summon Ice Beast         Ice/Summ       100%       N/A       0%          4
 Summon Lightning Spire   Summ/Air       100%       N/A       0%          4
 Agony                    Necr           100%       N/A       0%          5
 Arcjolt                  Conj/Air       69%        1d79      0%          5
 Blade Hands              Tmut           69%        N/A       0%          5
 Fireball                 Conj/Fire      69%        3d26      0%          5
 Irradiate                Conj/Tmut      69%        3d34      0%          5
 Iskenderun's Battlesphe  Conj           100%       2d15      0%          5
 Lee's Rapid Deconstruct  Erth           69%        3d31*     0%          5
 Metabolic Englaciation   Hex/Ice        72%        N/A       0%          5
 Silence                  Hex/Air        69%        N/A       0%          5
 Summon Mana Viper        Hex/Summ       100%       N/A       0%          5
 Yara's Violent Unravell  Hex/Tmut       69%        3d26      0%          5
 Dispersal                Tloc           69%        N/A       1%          6
 Iron Shot                Conj/Erth      69%        9d13      1%          6
 Plasma Beam              Fire/Air       69%        2x1d94    1%          6
 Simulacrum               Ice/Necr       72%        N/A       1%          6
 Starburst                Conj/Fire      69%        6d18      1%          6
 Summon Cactus Giant      Summ           69%        N/A       1%          6
 Dragon Form              Tmut           69%        N/A       1%          7
 Enfeeble                 Hex            69%        N/A       1%          7
 Monstrous Menagerie      Summ           69%        N/A       1%          7
 Orb of Destruction       Conj           69%        9d16      1%          7
 Ozocubu's Refrigeration  Ice            74%        4d24      1%          7
 Storm Form               Tmut/Air       69%        N/A       1%          7
 Summon Hydra             Summ           69%        N/A       1%          7
 Borgnjor's Revivificati  Necr           69%        N/A       1%          8
 Disjunction              Tloc           69%        N/A       1%          8
 Ignition                 Fire           69%        3d18      1%          8
 Summon Horrible Things   Summ           69%        N/A       1%          8
 Polar Vortex             Ice            74%        N/A       4%          9
 Chain Lightning          Conj/Air       69%        3d92      32%         9
 Death's Door             Necr           69%        N/A       32%         9
 Dragon's Call            Summ           69%        N/A       32%         9
 Fire Storm               Conj/Fire      69%        8d18      32%         9
 Shatter                  Erth           69%        3d51*     32%         9


Dungeon Overview and Level Annotations

Branches:
Dungeon (15/15)            Temple (1/1) D:4            Lair (5/5) D:9
 Shoals (4/4) Lair:3        Snake (4/4) Lair:2        Slime (5/5) Lair:4
    Orc (2/2) D:9             Elf (3/3) Orc:2        Vaults (5/5) D:14
  Crypt (3/3) Vaults:2       Tomb (0/3) Crypt:3      Depths (4/4) D:15
   Hell (visited)             Coc (7/7) Hell            Zot (5/5) Depths:4
  IceCv (visited)         Desolation (visited)
    Dis: Hell:1         Geh: Hell:1         Tar: Hell:1

Altars:
Cheibriados
Dithmenos
Elyvilon
Kikubaaqudgha
Okawaru
Qazlal
Ru
Vehumet
Wu Jian
Xom
Yredelemnul
Zin
The Shining One
Jiyva
Lugonu

Shops:
D:5 [(?   D:6 !   D:10 !   Orc:2 :!(!   Elf:1 [   Shoals:3 ?   Shoals:4 *
Snake:1 (   Vaults:2 (   Vaults:3 ?   Depths:2 (   Depths:3 **   Depths:4 [

Portals:
Hell: Depths:1 Depths:2 Depths:3 Depths:4
Abyss: Depths:3
Pandemonium: Depths:1 Depths:2
Ziggurat: Depths:3

Annotations:
D:2 Terence
D:5 1 runed translucent door
D:8 1 runed translucent door
D:13 1 runed translucent door
Elf:2 3 runed translucent doors


Innate Abilities, Weirdness & Mutations

You have very sharp teeth.
Your uncanny sense of smell can sniff out nearby items.
Your experience applies equally to all skills.
You are partially covered in iridescent scales. (AC +2)
You are strong-willed. (Will+)
Your system is resistant to poisons. (rPois)
You are robust. (+10% HP)


Message History

Ouch! That really hurt!
Casting: Manifold Assault (safe; 0% risk of failure)
Confirm with . or Enter, or press ? or * to list all spells.
Okay, then.
Your +3 eudemon blade of holy wrath stops glowing.
a - the +9 morningstar of Defiance (weapon)
{heavy, rC+}
Casting: Manifold Assault (safe; 0% risk of failure)
Confirm with . or Enter, or press ? or * to list all spells.
Your body is suffused with negative energy!
Casting: Necromutation (mildly dangerous; 2% risk of failure)
Confirm with . or Enter, or press ? or * to list all spells.
Space momentarily warps into an impossible shape!
You puncture the Ice Fiend! The Ice Fiend gestures at you.
The bolt of cold hits you! You resist.
Casting: Manifold Assault (safe; 0% risk of failure)
Confirm with . or Enter, or press ? or * to list all spells.
Space momentarily warps into an impossible shape!
You skewer the Ice Fiend like a kebab!!!
You kill the Ice Fiend!
Cheibriados thoroughly appreciates the change of pace.
You see here 6 stones.
There is an open door here.
There is a staircase leading out of the dungeon here.
You cannot drink potions in your current state!
Unknown command.
You feel yourself come back to life.
You feel clever all of a sudden.
You feel protected.
A Tzitzimitl comes into view.
You fade into invisibility!
Really quaff the potion of attraction?
You feel attractive to monsters. The Tzitzimitl is attracted toward you.
Okay, then.
Okay, then.
The Tzitzimitl gestures at you.
The bolt of negative energy hits you but does no damage.
The Tzitzimitl is attracted toward you.
You have escaped!

#.#..........
#.##.#...####
#....#...#
#.......##
########.......#
#.....'(.......#
#..#.§##......##
#..#1.#####'###
#..@..##.....#
#.....##..8..#
########.....#
#######


You could see a Tzitzimitl.

Vanquished Creatures
  Cerebov (Pan)
  Antaeus (Coc:7)
  the Royal Jelly (Slime:5)
  Gloorx Vloq (Pan)
  A seraph (Pan)
  Mnoleg (Pan)
  Lom Lobon (Pan)
  5 ancient liches
  9 dread liches
  7 orbs of fire
  3 juggernauts
  Mennas (Pan)
  A royal mummy (Crypt:3)
  8 pandemonium lords
  Sojobo (Vaults:3)
  5 Killer Klowns
  13 shard shrikes
  Vashnia (Snake:4)
  Saint Roka (Vaults:2)
  Geryon (Hell)
  8 caustic shrikes (Depths:4)
  A curse toe (Crypt:3)
  A profane servitor (Abyss:6)
  6 golden dragons
  A bone dragon (Abyss:6)
  2 pearl dragons (Pan)
  A Tzitzimitl (Pan)
  3 electric golems
  5 Brimstone Fiends
  18 Ice Fiends
  Zenata (Vaults:3)
  13 tentacled monstrosities
  3 Hell Sentinels
  4 quicksilver dragons
  A walking earthen tome (Depths:4)
  2 deep elf blademasters (Elf:3)
  Mlioglotl (Shoals:2)
  A walking divine tome (Depths:3)
  30 Orb Guardians
  2 deep elf master archers (Elf:3)
  16 titans
  8 liches
  3 krakens
  20 acid blobs
  3 tentacled starspawn (Abyss:6)
  8 ancient champions
  5 death cobs
  17 Executioners
  11 storm dragons
  7 sphinxes
  Frances (D:13)
  9 shadow dragons
  An eldritch tentacle (Coc:3)
  Agnes (D:15)
  3 draconian monks (Zot:3)
  Donald (Snake:4)
  4 revenants
  6 demonspawn warmongers (Pan)
  5 tengu reavers
  An azure jelly (shapeshifter) (Vaults:5)
  10 rockslimes
  5 nagarajas (Snake:4)
  5 deep elf sorcerers
  3 narguns
  25 daevas (Pan)
  10 shard shrike simulacra
  9 fire giants
  5 ghost moths
  2 draconian knights
  15 vault wardens
  15 frost giants
  13 azure jellies
  3 iron dragons
  29 balrugs
  A juggernaut zombie (Crypt:2)
  4 imperial myrmidons (Desolation)
  3 draconian scorchers
  4 draconian shifters
  A frost giant (shapeshifter) (Depths:2)
  3 curse skulls
  8 reapers
  2 draconian stormcallers
  2 deep elf elementalists (Elf:3)
  9 ghouls (Crypt:3)
  3 spriggan defenders (Depths:3)
  51 angels
  15 very ugly things
  7 draconian annihilators
  28 ophanim
  13 quicksilver oozes
  12 cacodemons
  20 stone giants
  2 demonspawn corrupters
  2 war gargoyles
  37 apis (Pan)
  4 demonspawn blood saints (Pan)
  A caustic shrike skeleton (Crypt:3)
  17 ironbound preservers
  5 vampire knights
  22 elemental wellsprings
  10 ironbound thunderhulks
  10 deep elf demonologists
  A demonspawn black sun (Pan)
  Nessos (Lair:4)
  Azrael (D:15)
  3 green draconians
  9 lorocyprocas
  A spectral titan (Crypt:2)
  10 black draconians
  8 dire elephants
  A halazid warlock (Desolation)
  5 wendigos
  13 deep elf annihilators
  4 yellow draconians
  7 purple draconians
  4 eidola
  14 spark wasps
  5 red draconians
  5 white draconians
  12 blizzard demons
  3 mummy priests
  10 ettins
  12 deep elf death magi
  2 iron golems
  13 yaktaur captains
  Josephine (D:15)
  7 green deaths (Pan)
  5 merfolk javelineers
  9 fire dragons
  An entropy weaver (shapeshifter) (Depths:3)
  5 deep elf high priests
  15 jiangshi
  A hydra (shapeshifter) (Depths:3)
  A spectral spriggan (Crypt:2)
  A quicksilver dragon zombie (Vaults:5)
  3 entropy weavers
  12 merfolk impalers
  8 ragged hierophants (Desolation)
  8 great orbs of eyes
  4 hell beasts
  9 rakshasas
  10 servants of whispers (Desolation)
  33 vault guards
  A catoblepas (Lair:5)
  6 spriggan air magi
  2 juggernaut simulacra
  Erolcha (Orc:2)
  2 merfolk avatars (Shoals:4)
  3 ogre magi (Vaults:5)
  8 peacekeepers
  9 anacondas
  3 caustic shrike simulacra (Coc:7)
  6 hydras
  A spectral draconian (Crypt:2)
  11 ice dragons
  A salamander tyrant (Snake:4)
  5 ironbound frosthearts
  3 alligator snapping turtles (Shoals:4)
  19 dancing weapons
  A merfolk aquamancer (Shoals:4)
  7 tengu warriors
  5 spriggan skeletons
  12 centaur warriors
  8 satyrs
  7 deep troll earth magi
  7 two-headed ogres
  8 boulder beetles
  9 deep troll shamans
  19 naga warriors
  11 thrashing horrors
  4 death knights
  2 orc high priests (Pan)
  A spriggan berserker (D:15)
  7 shock serpents
  14 naga sharpshooters (Snake:4)
  6 vampire magi
  5 hell knights
  Nergalle (D:11)
  Urug (D:14)
  12 deep elf knights
  18 soul eaters
  5 wretched stars
  Amaemon (D:9)
  81 sun demons
  5 skysharks
  12 sixfirhies
  2 salamander mystics (Snake:4)
  A spatial maelstrom (Abyss:2)
  2 titan skeletons
  10 iron trolls
  A spectral bunyip (Crypt:2)
  9 skeletal warriors
  A sea snake (shapeshifter) (Vaults:4)
  An anaconda zombie (Crypt:2)
  10 shadow wraiths
  An orb spider (Abyss:5)
  A fire crab (shapeshifter) (Depths:3)
  9 shadow demons
  60 deep trolls
  5 quicksilver dragon simulacra
  27 cherubim (Pan)
  4 flayed ghosts
  9 sea snakes
  12 deep elf archers
  4 glowing orange brains
  2 orange crystal statues (IceCv)
  4 naga ritualists
  4 spriggan simulacra
  20 wizards
  A bunyip skeleton (Pan)
  3 fenstrider witch simulacra
  20 harpies
  2 anaconda skeletons
  10 phantasmal warriors
  8 necromancers
  11 orc sorcerers
  20 ironbound convokers
  17 lindwurms
  An orc knight (D:10)
  44 ugly things
  19 manticores
  A harpy (shapeshifter) (Elf:2)
  29 deep elf pyromancers
  29 deep elf zephyrmancers
  A fire giant zombie (Vaults:5)
  7 mana vipers
  A shadow dragon skeleton (Pan)
  A stone giant zombie (Crypt:2)
  4 salamanders
  A will-o-the-wisp (Abyss:6)
  8 cyclopes
  A frost giant zombie (Crypt:3)
  An oklob plant (Lair:3)
  A manticore (shapeshifter) (Vaults:5)
  A shining eye (shapeshifter) (Vaults:3)
  A spectral merfolk (Crypt:2)
  A jorogumo skeleton (Crypt:3)
  2 shining eyes (Slime:4)
  29 fauns
  A salamander (shapeshifter) (Vaults:5)
  2 worldbinders
  2 centaur zombies (Crypt:2)
  25 black mambas
  A dire elephant zombie (Crypt:2)
  24 elephants
  12 guardian serpents
  Joseph (D:9)
  14 moths of wrath
  A toenail golem (Depths:4)
  A water nymph (shapeshifter) (Vaults:5)
  A shock serpent zombie (Crypt:1)
  14 demonic crawlers (Pan)
  15 vault sentinels
  A human skeleton (Vaults:5)
  An apocalypse crab (Abyss:2)
  An eleionoma skeleton (Crypt:2)
  11 merfolk sirens
  3 stone giant skeletons
  4 water nymphs
  A cane toad (shapeshifter) (Vaults:5)
  19 naga magi
  A gargoyle (D:13)
  2 ice statues (Shoals:1)
  4 molten gargoyles
  12 eyes of devastation
  45 smoke demons
  4 titan simulacra
  8 rust devils
  21 orange demons
  A storm dragon simulacrum (Coc:1)
  4 cane toads
  7 kobold demonologists
  A pale draconian zombie (Crypt:3)
  13 hellions
  35 large abominations
  8 komodo dragons
  An orc skeleton (Crypt:2)
  4 dire elephant skeletons
  10 efreet
  2 unseen horrors
  3 rime drakes
  2 centaur skeletons (Crypt:2)
  An unseen horror zombie (Crypt:2)
  16 freezing wraiths
  31 yaktaurs
  A bunyip simulacrum (Crypt:2)
  A tengu conjurer (D:13)
  A golden dragon simulacrum (Coc:3)
  A tormentor (Coc:3)
  10 trolls
  2 red devils
  4 anaconda simulacra
  2 ice devils
  3 hydra zombies
  A spectral harpy (Crypt:2)
  24 merfolk
  A meliai (shapeshifter) (Depths:2)
  A harpy zombie (Crypt:2)
  18 hellwings (Pan)
  6 ancient zymes
  A polar bear (shapeshifter) (D:15)
  4 polar bears
  27 wind drakes
  5 hornets
  69 saltlings (Desolation)
  A hornet (shapeshifter) (Elf:2)
  2 moth of wrath zombies (Crypt:2)
  5 harpy skeletons
  3 raiju (Abyss:5)
  An alligator zombie (Hell)
  3 dream sheep (Shoals:3)
  A meliai zombie (Crypt:1)
  13 blink frogs
  2 hydra skeletons
  3 stone giant simulacra
  A centaur simulacrum (D:14)
  An iron dragon simulacrum (Coc:2)
  A guardian serpent zombie (Crypt:3)
  10 snapping turtles
  2 vampires
  2 air elementals (Elf:1)
  4 flying skulls (Crypt:1)
  108 slime creatures
  A culicivora (Vaults:1)
  32 yaks
  3 ushabtiu (Crypt:3)
  26 ynoxinuls
  3 spriggans
  6 wyverns
  3 dire elephant simulacra
  24 water elementals
  5 basilisks
  7 fire elementals
  A black mamba skeleton (Crypt:2)
  14 wraiths
  10 golden eyes
  7 chaos spawn
  16 humans (D:14)
  3 redbacks
  2 vampire mosquitoes (D:14)
  Menkaure (D:7)
  4 steam dragons
  25 neqoxecs
  2 wargs
  12 harpy simulacra
  A swamp worm (shapeshifter) (Depths:3)
  44 nagas
  A warg (shapeshifter) (D:14)
  2 acid dragons
  19 water moccasins
  A hydra simulacrum (Coc:7)
  A demonspawn skeleton (Crypt:3)
  An entropy weaver zombie (Crypt:3)
  7 hell hounds
  4 floating eyes
  A faun skeleton (Crypt:1)
  A sky beast (D:4)
  6 ettin simulacra
  6 black bears
  An ice beast (D:7)
  A great orb of eyes simulacrum (IceCv)
  2 elephant zombies (Lair:4)
  17 orc warriors
  7 wolves
  7 ogres
  A tengu (shapeshifter) (Vaults:5)
  A boggart (D:4)
  10 centaurs
  A phantom (D:5)
  A slime creature simulacrum (IceCv)
  4 small abominations
  2 komodo dragon zombies (Lair:4)
  10 bullfrogs
  An elf zombie (Elf:1)
  A kobold brigand (D:7)
  A necrophage (Crypt:3)
  An ogre simulacrum (Vaults:5)
  4 earth elementals
  A komodo dragon skeleton (Crypt:3)
  11 scorpions
  2 glowing shapeshifter simulacra (IceCv)
  3 wights
  A killer bee (shapeshifter) (Elf:2)
  6 killer bees (D:9)
  3 howler monkeys
  5 electric eels
  A wolf zombie (Crypt:3)
  5 lava snakes (Lair:5)
  A basilisk zombie (Lair:4)
  3 hounds
  A jelly (D:5)
  12 orc priests
  An iron imp (Abyss:2)
  13 starcursed masses
  2 sleepcaps
  2 iguanas
  24 orc wizards
  2 naga zombies
  An ogre skeleton (Crypt:2)
  4 gnolls (D:5)
  A howler monkey zombie (Crypt:2)
  A river rat (D:6)
  9 adders
  A white imp (D:7)
  An ufetubus (D:6)
  A worm zombie (Crypt:3)
  An iguana skeleton (Crypt:2)
  A worm (D:7)
  A dart slug (D:2)
  59 orcs
  8 ball pythons
  4 bats
  A bat zombie (Crypt:1)
  6 endoplasms
  8 giant cockroaches
  5 goblins
  10 hobgoblins
  4 jackals (D:1)
  13 kobolds
  4 quokkas
  A ball python skeleton (Crypt:1)
  3 frilled lizards
  A giant cockroach zombie (Crypt:1)
  A goblin zombie (D:5)
  A quokka skeleton (Crypt:1)
  4 rats
  2 butterflies (D:8)
  5 fire vortices (Pan)
  2 lurking horrors (Abyss:6)
  2 spectral weapons
  A starspawn tentacle (Abyss:6)
  8 tentacles
3228 creatures vanquished.

Vanquished Creatures (collateral kills)
  A draconian knight (Zot:3)
  A shard shrike simulacrum (Coc:7)
  2 apis (Pan)
  2 ophanim (Pan)
  An elemental wellspring (Coc:7)
  A satyr (Shoals:2)
  A skyshark (Shoals:2)
  2 skeletal warriors (Crypt:2)
  A harpy (Shoals:1)
  2 slime creatures (Slime:2)
  17 ball lightnings
31 creatures vanquished.

Vanquished Creatures (others)
  Mara (Vaults:3)
  A lich (Depths:4)
  8 eldritch tentacles
  A shard shrike simulacrum (Coc:7)
  A deep elf death mage (Crypt:2)
  3 caustic shrike simulacra
  A centaur warrior (D:14)
  2 deep elf knights
  A spriggan simulacrum (Coc:4)
  4 deep elf pyromancers
  2 wizards
  2 deep elf zephyrmancers
  A large abomination (Elf:1)
  A black mamba (Snake:2)
  A water elemental (Elf:2)
  A naga (Snake:2)
  3 harpy simulacra (Coc:4)
  An elf zombie (Elf:1)
  2 orc wizards (Orc:2)
  An orc (Orc:1)
  167 ball lightnings
  A fire vortex (Pan)
  2 foxfires (Abyss:6)
  70 spectral weapons
  6 starspawn tentacles
  7 tentacles
291 creatures vanquished.

Grand Total: 3550 creatures vanquished

Notes
Turn   | Place    | Note
-------+----------+-------------------------------------------
     0 | D:5      | comborobin the Gnoll Delver began the quest for the Orb.
     0 | D:5      | Reached XP level 1. HP: 23/23 MP: 1/1
    68 | D:4      | Noticed a scorpion
    75 | D:5      | Found Ugrurch's Antique Armour Shop.
    76 | D:5      | Found Rewas's Weapon Boutique.
    94 | D:5      | Found Wirie's Magic Scroll Shop.
   258 | D:5      | Found a runed translucent door.
   258 | D:5      | Noticed a human
   259 | D:5      | Noticed a hound
   265 | D:4      | Noticed a hound
   274 | D:4      | Killed a hound
   275 | D:4      | Reached XP level 2. HP: 21/29 MP: 1/3
   275 | D:4      | Reached XP level 3. HP: 25/35 MP: 1/4
   285 | D:4      | Learned a level 3 spell: Volatile Blastmotes
   330 | D:4      | Reached skill level 1 in Invocations
   400 | D:4      | Reached skill level 1 in Short Blades
   400 | D:4      | Reached skill level 1 in Long Blades
   400 | D:4      | Reached skill level 1 in Axes
   400 | D:4      | Reached skill level 1 in Polearms
   400 | D:4      | Reached skill level 1 in Staves
   400 | D:4      | Reached skill level 1 in Ranged Weapons
   400 | D:4      | Reached skill level 1 in Throwing
   400 | D:4      | Reached skill level 1 in Armour
   400 | D:4      | Reached skill level 1 in Shields
   400 | D:4      | Reached skill level 1 in Unarmed Combat
   400 | D:4      | Reached skill level 1 in Spellcasting
   400 | D:4      | Reached skill level 1 in Evocations
   400 | D:4      | Reached XP level 4. HP: 11/41 MP: 5/5
   532 | D:4      | Found a staircase to the Ecumenical Temple.
   552 | D:4      | Reached skill level 1 in Conjurations
   552 | D:4      | Reached skill level 1 in Hexes
   552 | D:4      | Reached skill level 1 in Summonings
   552 | D:4      | Reached skill level 1 in Necromancy
   552 | D:4      | Reached skill level 1 in Translocations
   552 | D:4      | Reached skill level 1 in Transmutations
   552 | D:4      | Reached skill level 1 in Fire Magic
   552 | D:4      | Reached skill level 1 in Ice Magic
   552 | D:4      | Reached skill level 1 in Air Magic
   552 | D:4      | Reached skill level 1 in Earth Magic
   552 | D:4      | Reached skill level 1 in Poison Magic
   555 | Temple   | Entered the Ecumenical Temple
   602 | Temple   | Became a worshipper of Cheibriados the Contemplative
   814 | D:3      | Found a shadowy altar of Dithmenos.
  1174 | D:3      | Reached XP level 5. HP: 47/47 MP: 7/7
  1383 | D:2      | Reached * piety under Cheibriados
  1548 | D:2      | Noticed Terence
  1560 | D:2      | Learned a level 3 spell: Dazzling Flash
  2032 | D:1      | Reached ** piety under Cheibriados
  2969 | D:4      | Noticed an ogre
  3057 | D:5      | Noticed a lemure
  3057 | D:5      | Noticed a lemure
  3073 | D:4      | Reached skill level 5 in Maces & Flails
  3073 | D:4      | Reached skill level 5 in Dodging
  3073 | D:4      | Reached XP level 6. HP: 53/53 MP: 7/9
  3215 | D:4      | Noticed a sky beast
  3378 | D:4      | Killed a sky beast
  3379 | D:4      | Reached XP level 7. HP: 52/60 MP: 10/10
  3599 | D:4      | Learned a level 3 spell: Ozocubu's Armour
  3868 | D:6      | Found Mungori's Distillery.
  4177 | D:6      | Reached skill level 10 in Stealth
  4441 | D:6      | Learned a level 2 spell: Blink
  4728 | D:6      | Reached *** piety under Cheibriados
  4729 | D:6      | Reached XP level 8. HP: 54/67 MP: 9/12
  4996 | D:7      | Noticed Menkaure
  5008 | D:7      | Killed Menkaure
  5111 | D:7      | Found an ornate altar of the Wu Jian Council.
  5498 | D:7      | Noticed Maggie
  5499 | D:7      | Maggie changed into Maggie the worm
  5499 | D:7      | Noticed Maggie
  5502 | D:7      | Found the +1 Delatra's gloves {ID++}
  5507 | D:7      | Killed Maggie the worm
  5843 | D:5      | Noticed Pikel
  5844 | D:5      | Pikel changed into Pikel the boggart
  5844 | D:5      | Noticed Pikel
  6056 | D:4      | Killed Pikel the boggart
  6192 | D:5      | Reached XP level 9. HP: 57/73 MP: 14/14
  6417 | D:5      | Found a basalt altar of Yredelemnul.
  6572 | D:5      | Bought a cloak for 99 gold pieces
  6583 | D:5      | Identified a scroll of acquirement
  6583 | D:5      | Acquired the +2 helmet "Ner Zoeri" {Will+ Str+3}
  6719 | D:8      | Reached **** piety under Cheibriados
  6791 | D:8      | Found the +15 Maxwell's patent armour {-Cast -Tele rElec
                  | Will+ rCorr}
  6999 | D:8      | Reached skill level 5 in Invocations
  7056 | D:8      | Found a runed translucent door.
  7058 | D:8      | Found a runed translucent door.
  7381 | D:8      | Reached skill level 5 in Short Blades
  7381 | D:8      | Reached skill level 5 in Long Blades
  7381 | D:8      | Reached skill level 5 in Axes
  7381 | D:8      | Reached skill level 5 in Polearms
  7381 | D:8      | Reached skill level 5 in Staves
  7381 | D:8      | Reached skill level 5 in Ranged Weapons
  7381 | D:8      | Reached skill level 5 in Throwing
  7381 | D:8      | Reached skill level 5 in Armour
  7381 | D:8      | Reached skill level 5 in Shields
  7381 | D:8      | Reached skill level 5 in Unarmed Combat
  7381 | D:8      | Reached skill level 5 in Spellcasting
  7381 | D:8      | Reached skill level 5 in Evocations
  7381 | D:8      | Reached XP level 10. HP: 75/81 MP: 17/17
  7466 | D:9      | Noticed an elephant
  7466 | D:9      | Found a staircase to the Lair.
  7515 | D:8      | Killed an elephant
  7729 | D:9      | Reached ***** piety under Cheibriados
  7834 | D:9      | Noticed Amaemon
  7834 | D:9      | Noticed an orange demon
  7849 | D:9      | Gained mutation: You are partially covered in iridescent
                  | scales. (AC +2) [potion of mutation]
  7849 | D:9      | Gained mutation: You expend magic power (3 MP) to
                  | strengthen your wands. [potion of mutation]
  7849 | D:9      | Gained mutation: Your muscles are strong. (Str +4, Int/Dex
                  | -1) [potion of mutation]
  7849 | D:9      | Gained mutation: You are robust. (+10% HP) [potion of
                  | mutation]
  7863 | D:9      | Killed Amaemon
  7876 | D:9      | Killed an orange demon
  8057 | D:5      | Bought a scroll of enchant weapon for 112 gold pieces
  8057 | D:5      | Bought a scroll of enchant weapon for 112 gold pieces
  8267 | D:9      | Noticed Joseph
  8279 | D:9      | Killed Joseph
  8344 | D:9      | Reached skill level 5 in Conjurations
  8344 | D:9      | Reached skill level 5 in Hexes
  8344 | D:9      | Reached skill level 5 in Summonings
  8344 | D:9      | Reached skill level 5 in Necromancy
  8344 | D:9      | Reached skill level 5 in Translocations
  8344 | D:9      | Reached skill level 5 in Transmutations
  8344 | D:9      | Reached skill level 5 in Fire Magic
  8344 | D:9      | Reached skill level 5 in Ice Magic
  8344 | D:9      | Reached skill level 5 in Air Magic
  8344 | D:9      | Reached skill level 5 in Earth Magic
  8344 | D:9      | Reached skill level 5 in Poison Magic
  8344 | D:9      | Reached XP level 11. HP: 74/97 MP: 13/20
  8439 | D:9      | Found a staircase to the Orcish Mines.
  8603 | D:9      | Found a glowing silver altar of Zin.
  8855 | D:9      | Noticed a cyclops
  8862 | D:9      | Killed a cyclops
  9107 | D:10     | Entered Level 10 of the Dungeon
  9279 | D:10     | Found Bukhlunt's Distillery.
  9279 | D:10     | Noticed a two-headed ogre
  9287 | D:10     | Killed a two-headed ogre
  9830 | D:11     | Noticed an orc knight
  9860 | D:10     | Killed an orc knight
 10061 | D:11     | Noticed Nergalle
 10065 | D:11     | Noticed a boulder beetle
 10125 | D:10     | Killed a boulder beetle
 10152 | D:11     | Killed Nergalle
 10240 | D:11     | Noticed a boulder beetle
 10241 | D:11     | Noticed a two-headed ogre
 10253 | D:11     | Killed a boulder beetle
 10265 | D:11     | Killed a two-headed ogre
 10830 | D:11     | Reached XP level 12. HP: 99/106 MP: 16/22
 11086 | D:11     | Noticed a two-headed ogre
 11094 | D:11     | Killed a two-headed ogre
 11618 | D:12     | Found an iron altar of Okawaru.
 11619 | D:12     | Noticed a boulder beetle
 11628 | D:12     | Killed a boulder beetle
 11629 | D:12     | Reached skill level 10 in Fighting
 12055 | D:12     | Noticed a boulder beetle
 12066 | D:12     | Killed a boulder beetle
 12220 | D:13     | Found a runed translucent door.
 12220 | D:13     | Noticed a two-headed ogre
 12220 | D:13     | Noticed a tengu warrior
 12234 | D:13     | Identified the ring of Pughil {Will+ Int+3}
 12234 | D:13     | Noticed a frost giant
 12235 | D:13     | Identified the staff of fire "Plog" {Fly rF+ Str+3}
 12235 | D:13     | Noticed a centaur warrior
 12235 | D:13     | Identified the +5 mace of the Pyrrhic Victory {antimagic,
                  | Will+}
 12476 | D:13     | Noticed a centaur warrior
 12481 | D:13     | Reached XP level 13. HP: 114/114 MP: 25/25
 12640 | D:13     | Identified the +4 sling of Hubris {antimagic, rF+ rC+}
 12753 | D:13     | Reached ****** piety under Cheibriados
 12814 | D:13     | Identified the +5 ring mail "Veuxkoq" {+Blink rElec rC-
                  | Slay+5}
 13433 | D:14     | Noticed Urug
 13433 | D:14     | Found a gate to the Vaults.
 13438 | D:14     | Killed Urug
 13439 | D:14     | Reached skill level 10 in Maces & Flails
 13439 | D:14     | Reached skill level 10 in Dodging
 13489 | D:14     | Reached skill level 10 in Invocations
 13489 | D:14     | Reached XP level 14. HP: 110/124 MP: 27/27
 13585 | D:14     | Noticed Frances
 13705 | D:13     | Killed Frances
 14294 | D:15     | Entered Level 15 of the Dungeon
 14475 | D:15     | Noticed Agnes
 14487 | D:15     | Killed Agnes
 14764 | D:15     | Found a staircase to the Depths.
 14764 | D:15     | Noticed a stone giant
 14771 | D:15     | Killed a stone giant
 14867 | D:15     | Noticed Josephine
 14876 | D:15     | Killed Josephine
 15093 | D:15     | Noticed Azrael
 15111 | D:15     | Killed Azrael
 15118 | D:15     | Reached skill level 10 in Short Blades
 15118 | D:15     | Reached skill level 10 in Long Blades
 15118 | D:15     | Reached skill level 10 in Axes
 15118 | D:15     | Reached skill level 10 in Polearms
 15118 | D:15     | Reached skill level 10 in Staves
 15118 | D:15     | Reached skill level 10 in Ranged Weapons
 15118 | D:15     | Reached skill level 10 in Throwing
 15118 | D:15     | Reached skill level 10 in Armour
 15118 | D:15     | Reached skill level 10 in Shields
 15118 | D:15     | Reached skill level 10 in Unarmed Combat
 15118 | D:15     | Reached skill level 10 in Spellcasting
 15118 | D:15     | Reached skill level 10 in Evocations
 15256 | Depths:1 | Entered Level 1 of the Depths
 15420 | Lair:1   | Entered Level 1 of the Lair of Beasts
 15469 | Orc:1    | Entered Level 1 of the Orcish Mines
 15631 | Orc:2    | Entered Level 2 of the Orcish Mines
 15815 | Orc:2    | Reached XP level 15. HP: 94/132 MP: 23/29
 15939 | Orc:2    | Found a staircase to the Elven Halls.
 16217 | Orc:2    | Found an ancient bone altar of Kikubaaqudgha.
 16221 | Orc:2    | Found Jyn Zan's Antique Weapon Shoppe.
 16238 | Orc:2    | Noticed Erolcha
 16271 | Orc:2    | Killed Erolcha
 16272 | Orc:2    | Found Lenyu's Distillery.
 16272 | Orc:2    | Found Plog's Distillery.
 16305 | Orc:2    | Bought a potion of mutation for 96 gold pieces
 16305 | Orc:2    | Bought a potion of mutation for 96 gold pieces
 16319 | Orc:2    | Bought a potion of mutation for 104 gold pieces
 16328 | Orc:2    | Found a radiant altar of Vehumet.
 16353 | Orc:2    | Found Vamuefod's Book Emporium.
 17373 | Lair:2   | Got Moboyg Umuid's Notes on Hoarfrost and Guile
 17994 | Lair:2   | Found a staircase to the Snake Pit.
 18310 | Lair:3   | Found a staircase to the Shoals.
 18352 | Lair:3   | Found a glowing silver altar of Zin.
 19698 | Lair:4   | Found an iron altar of Okawaru.
 19714 | Lair:4   | Noticed Nessos
 19739 | Lair:4   | Killed Nessos
 19861 | Lair:4   | Found a runed translucent door.
 19861 | Lair:4   | Found a viscous altar of Jiyva.
 19866 | Lair:4   | Found a staircase to the Slime Pits.
 20260 | Lair:5   | Entered Level 5 of the Lair of Beasts
 20758 | Lair:5   | Reached XP level 16. HP: 141/141 MP: 30/30
 21093 | Lair:5   | Found a large runed translucent door.
 21252 | Lair:5   | Found a large runed translucent door.
 21984 | Elf:1    | Entered Level 1 of the Elven Halls
 22091 | Elf:1    | Paralysed by an air elemental for 1 turns
 22232 | Elf:1    | Got the Parchment of Resurrection
 22265 | Elf:1    | Found Ogoniess's Armour Shop.
 22316 | Elf:1    | Found a white marble altar of Elyvilon.
 22316 | Elf:1    | Found a glowing golden altar of the Shining One.
 22316 | Elf:1    | Found a crumbling gateway.
 22362 | Elf:1    | Found a glowing silver altar of Zin.
 22374 | Desolati | Entered the Desolation of Salt
 22599 | Desolati | Reached XP level 17. HP: 139/150 MP: 32/32
 22606 | Desolati | Identified the +3 quarterstaff "Kexkosa" {drain, rC+ Dex+2
                  | SInv}
 22626 | Desolati | Reached skill level 10 in Conjurations
 22626 | Desolati | Reached skill level 10 in Hexes
 22626 | Desolati | Reached skill level 10 in Summonings
 22626 | Desolati | Reached skill level 10 in Necromancy
 22626 | Desolati | Reached skill level 10 in Translocations
 22626 | Desolati | Reached skill level 10 in Transmutations
 22626 | Desolati | Reached skill level 10 in Fire Magic
 22626 | Desolati | Reached skill level 10 in Ice Magic
 22626 | Desolati | Reached skill level 10 in Air Magic
 22626 | Desolati | Reached skill level 10 in Earth Magic
 22626 | Desolati | Reached skill level 10 in Poison Magic
 22653 | Desolati | Identified the +5 scimitar "Eqozaet" {holy, MP+9}
 22653 | Desolati | Identified the amulet of Uskayaw's Envy {Reflect rF- Str+5
                  | SH+5}
 22732 | Desolati | Identified the amulet "Vyk Efarch" {Acrobat rC++ Int-4}
 22887 | Desolati | Reached skill level 15 in Stealth
 22910 | Desolati | Got the Papyrus of the Birds
 23095 | Desolati | Identified the ring "Hitwuug" {Drain MP+9 Int+3 Stlth+}
 23183 | Desolati | Got Foxulaug's Almanac of Gusts and Burning
 24396 | Elf:2    | Found a runed translucent gate.
 24397 | Elf:2    | Found a runed translucent gate.
 24397 | Elf:2    | Found a runed translucent gate.
 24702 | Elf:2    | Noticed a deep elf blademaster
 24727 | Elf:3    | Entered Level 3 of the Elven Halls
 24752 | Elf:3    | Reached XP level 18. HP: 159/159 MP: 34/34
 25372 | Orc:2    | Bought a manual of Ranged Weapons for 1120 gold pieces
 25511 | Elf:3    | Noticed a Tzitzimitl
 26522 | Elf:3    | Noticed a deep elf blademaster
 26526 | Elf:3    | Noticed a deep elf blademaster
 26536 | Elf:3    | Killed a deep elf blademaster
 26537 | Elf:3    | Identified the amulet "Xuagra" {Acrobat Int+2}
 26538 | Elf:3    | Killed a deep elf blademaster
 26547 | Elf:3    | Identified the +5 morningstar "Zuhus" {heavy, rF++ rC+
                  | Str+5}
 26612 | Elf:3    | Identified the +10 sling of Compassion {heavy, Str+6}
 26622 | Elf:3    | Identified the amulet of Geol {Spirit Int+3}
 26646 | Elf:3    | Noticed a deep elf master archer
 26647 | Elf:3    | Noticed a Brimstone Fiend
 26672 | Elf:3    | Killed a deep elf master archer
 26694 | Elf:3    | Identified the +6 lajatang "Launoliw" {drain, +Blink}
 26895 | Elf:3    | Identified the staff of cold "Yric" {rC+ Str+6 Int+2
                  | Stlth-}
 26895 | Elf:3    | Identified the ring "Ranwaul" {Contam Fly rElec Str+4
                  | Int+8}
 26895 | Elf:3    | Noticed a deep elf master archer
 26896 | Elf:3    | Identified the staff of cold "Nenom" {rC+ Int+5}
 26909 | Elf:3    | Killed a deep elf master archer
 26918 | Elf:3    | Identified the staff of poison "Lamir" {rElec rPois Will+
                  | Int+2}
 26934 | Elf:3    | Identified the staff of poison "Uxeh" {rPois Dex+2}
 26935 | Elf:3    | Identified the staff of earth "Faamaips" {Dex+4 Stlth+}
 27694 | Depths:1 | Reached XP level 19. HP: 141/168 MP: 36/36
 27916 | Depths:1 | Found a gateway to Hell.
 28592 | Depths:1 | Found a sacrificial altar of Ru.
 28620 | Depths:1 | Found a one-way gate leading to the halls of Pandemonium.
 29658 | Depths:2 | Noticed a juggernaut
 29682 | Depths:2 | Killed a juggernaut
 29683 | Depths:2 | Reached skill level 15 in Fighting
 29858 | Depths:2 | Noticed a juggernaut
 29919 | Depths:2 | Killed a juggernaut
 30003 | Depths:2 | Identified the amulet "Etsammefo" {Reflect +Blink rC- Str+7
                  | Dex-5 SH+5}
 30016 | Depths:2 | Got the Folio of Power
 30310 | Depths:2 | Reached skill level 15 in Invocations
 30316 | Depths:2 | Reached skill level 15 in Ranged Weapons
 30371 | Depths:2 | Found Ohetreek's Antique Weapon Emporium.
 30788 | Depths:2 | Reached XP level 20. HP: 178/178 MP: 37/37
 30855 | Depths:3 | Noticed a juggernaut
 30862 | Depths:3 | Found Torhem's Specific Store.
 30864 | Depths:3 | Found Pofivato's General Store.
 30955 | Depths:3 | Found a one-way gateway to a ziggurat.
 31176 | Depths:3 | Found a radiant altar of Vehumet.
 31316 | Depths:3 | Reached skill level 15 in Axes
 31467 | Depths:3 | Killed a juggernaut
 31893 | Depths:3 | Found a corrupted altar of Lugonu.
 31894 | Depths:3 | Found a one-way gate to the infinite horrors of the Abyss.
 32131 | Depths:4 | Entered Level 4 of the Depths
 32139 | Depths:4 | Noticed a golden dragon
 32448 | Depths:3 | Killed a golden dragon
 32473 | Depths:4 | Paralysed by a floating eye for 4 turns
 32589 | Depths:4 | Found a glowing silver altar of Zin.
 32635 | Depths:4 | Reached skill level 15 in Maces & Flails
 32635 | Depths:4 | Reached skill level 15 in Dodging
 32681 | Depths:4 | Noticed a caustic shrike
 32681 | Depths:4 | Noticed a caustic shrike
 32681 | Depths:4 | Noticed a caustic shrike
 32681 | Depths:4 | Noticed a caustic shrike
 32681 | Depths:4 | Noticed a caustic shrike
 32686 | Depths:4 | Killed a caustic shrike
 32686 | Depths:4 | Killed a caustic shrike
 32686 | Depths:4 | Killed a caustic shrike
 32686 | Depths:4 | Killed a caustic shrike
 32687 | Depths:4 | Killed a caustic shrike
 32745 | Depths:4 | Noticed a caustic shrike
 32749 | Depths:4 | Noticed a caustic shrike
 32750 | Depths:4 | Noticed a caustic shrike
 32759 | Depths:4 | Killed a caustic shrike
 32765 | Depths:4 | Killed a caustic shrike
 32768 | Depths:4 | Killed a caustic shrike
 32855 | Depths:4 | Noticed a golden dragon
 32876 | Depths:4 | Killed a golden dragon
 32966 | Depths:4 | Reached XP level 21. HP: 170/185 MP: 39/39
 33095 | Depths:4 | Found a gate to the Realm of Zot.
 33314 | Depths:4 | Found Wodgh's Armour Shop.
 33325 | Depths:4 | Learned a level 4 spell: Animate Armour
 33701 | Shoals:1 | Entered Level 1 of the Shoals
 33780 | Shoals:1 | Found a frozen archway.
 33811 | IceCv    | Entered an ice cave
 33977 | IceCv    | Identified the +0 robe "Fyjichis" {-Cast Int-5 Dex+8}
 33979 | IceCv    | Got the Enchiridion on Cryomancy
 33993 | IceCv    | Learned a level 6 spell: Conjure Ball Lightning
 34092 | IceCv    | Found a viscous altar of Jiyva.
 34113 | IceCv    | Got the ring of Fareppun {Ice Str-2 Dex+3 Stlth+}
 34114 | IceCv    | Identified the +0 helmet "Uso Tidd" {rC+ Int+2}
 34117 | IceCv    | Identified the ring "Lyehedgh" {Wiz Str+4}
 34259 | Shoals:1 | Learned a level 4 spell: Olgreb's Toxic Radiance
 34263 | Shoals:1 | Learned a level 3 spell: Ignite Poison
 35223 | Shoals:2 | Identified the +0 leather armour "Zyshyt" {Int+3 Stlth+}
 35266 | Shoals:2 | Noticed Mlioglotl
 35266 | Shoals:2 | Noticed a dread lich
 35273 | Shoals:2 | Killed Mlioglotl
 35274 | Shoals:2 | Reached skill level 15 in Short Blades
 35274 | Shoals:2 | Reached skill level 15 in Long Blades
 35274 | Shoals:2 | Reached skill level 15 in Polearms
 35274 | Shoals:2 | Reached skill level 15 in Staves
 35274 | Shoals:2 | Reached skill level 15 in Throwing
 35274 | Shoals:2 | Reached skill level 15 in Armour
 35274 | Shoals:2 | Reached skill level 15 in Shields
 35274 | Shoals:2 | Reached skill level 15 in Unarmed Combat
 35274 | Shoals:2 | Reached skill level 15 in Spellcasting
 35274 | Shoals:2 | Reached skill level 15 in Evocations
 35987 | Shoals:3 | Learned a level 2 spell: Poisonous Vapours
 36328 | Shoals:3 | Found Qeju's Magic Scroll Shoppe.
 36469 | Shoals:3 | Acquired the amulet of Oryll {RegenMP rElec rC+ Str-4}
 36989 | Shoals:4 | Entered Level 4 of the Shoals
 37490 | Shoals:4 | Reached XP level 22. HP: 147/196 MP: 21/41
 38018 | Shoals:4 | Got a barnacled rune of Zot
 38176 | Shoals:4 | Found Leumpet's Overcharged Wands.
 38829 | Vaults:1 | Entered Level 1 of the Vaults
 38968 | Vaults:1 | Found a flickering gateway to a bazaar.
 38981 | Bazaar   | Entered a bazaar
 38982 | Bazaar   | Found Rirun's Magic Scroll Shoppe.
 38995 | Bazaar   | Found Wuerinyn's Antique Weapon Shop.
 39008 | Bazaar   | Found Unofro Jitey's Armour Emporium.
 39020 | Bazaar   | Found Balull's Book Boutique.
 39026 | Bazaar   | Bought an Inescapable Atlas for 352 gold pieces
 39031 | Bazaar   | Learned a level 4 spell: Manifold Assault
 39059 | Bazaar   | Bought a glowing broad axe for 147 gold pieces
 39060 | Bazaar   | Bought a shimmering morningstar for 189 gold pieces
 39060 | Bazaar   | Identified the +9 morningstar of Defiance {heavy, rC+} (You
                  | bought it in a shop in a bazaar)
 39074 | Bazaar   | Bought a scroll of fog for 60 gold pieces
 40591 | Vaults:2 | Found Plog's Weapon Shop.
 40890 | Vaults:2 | Found a staircase to the Crypt.
 40890 | Vaults:2 | Found a basalt altar of Yredelemnul.
 40890 | Vaults:2 | Found an ancient bone altar of Kikubaaqudgha.
 41401 | Vaults:2 | Noticed Saint Roka
 41414 | Vaults:2 | Killed Saint Roka
 41649 | Vaults:2 | Reached XP level 23. HP: 173/205 MP: 33/42
 42266 | Vaults:3 | Found a portal to a secret trove of treasure.
 42600 | Vaults:3 | Noticed Zenata
 42612 | Vaults:3 | Killed Zenata
 42955 | Vaults:3 | Found Pionalor's Magic Scroll Emporium.
 43285 | Vaults:3 | Noticed Sojobo
 43293 | Vaults:3 | Noticed Mara
 43296 | Vaults:3 | Noticed comborobin's illusion
 43303 | Vaults:3 | Killed Mara
 43304 | Vaults:3 | Killed Sojobo
 43305 | Vaults:3 | Reached skill level 15 in Ice Magic
 45248 | Vaults:5 | Entered Level 5 of the Vaults
 45259 | Vaults:5 | Reached XP level 24. HP: 150/216 MP: 29/43
 45873 | Vaults:5 | Noticed a dread lich
 46164 | Vaults:5 | Killed a dread lich
 46498 | Vaults:5 | Noticed a dread lich
 46502 | Vaults:5 | Killed a dread lich
 46969 | Vaults:5 | Noticed an ancient lich
 46971 | Vaults:5 | Killed an ancient lich
 47001 | Vaults:5 | Identified the +5 chain mail of Extremely Toothy Life
                  | {rC+++ rCorr Int-5 Dex-4}
 47048 | Vaults:5 | Noticed a dread lich
 47053 | Vaults:5 | Noticed an ancient lich
 47057 | Vaults:5 | Killed a dread lich
 47058 | Vaults:5 | Killed an ancient lich
 47912 | Vaults:5 | Identified the +2 pair of boots "Awecvott" {Dex+4}
 47928 | Vaults:5 | Identified the ring "Qehyup" {rCorr Int+3 SInv}
 47965 | Vaults:5 | Reached XP level 25. HP: 224/224 MP: 44/44
 48032 | Vaults:5 | Identified the staff of air "Soku" {rElec rPois Str+3 SInv}
 48036 | Vaults:5 | Identified the staff of earth "Nyimocov" {*Slow rN+ Will+
                  | Dex+6}
 48082 | Vaults:5 | Got a silver rune of Zot
 48089 | Vaults:5 | Learned a level 5 spell: Arcjolt
 48237 | Vaults:5 | Got the Tractate on Ill-fated Filth
 48616 | Vaults:5 | Identified the +0 ring mail of Fortitude {rElec rF- Will+
                  | Dex+3}
 48980 | Snake:1  | Entered Level 1 of the Snake Pit
 48992 | Snake:1  | Found Xofuc's Antique Weapon Shoppe.
 49187 | Snake:1  | Learned a level 6 spell: Plasma Beam
 49454 | Snake:1  | Identified the +1 robe of Hangman {Str+3}
 50000 | Snake:2  | You are sucked into a shaft and drop 1 floor!
 51334 | Snake:4  | Entered Level 4 of the Snake Pit
 52007 | Snake:4  | Reached skill level 15 in Conjurations
 52007 | Snake:4  | Reached skill level 15 in Hexes
 52007 | Snake:4  | Reached skill level 15 in Summonings
 52007 | Snake:4  | Reached skill level 15 in Necromancy
 52007 | Snake:4  | Reached skill level 15 in Translocations
 52007 | Snake:4  | Reached skill level 15 in Transmutations
 52007 | Snake:4  | Reached skill level 15 in Fire Magic
 52007 | Snake:4  | Reached skill level 15 in Air Magic
 52007 | Snake:4  | Reached skill level 15 in Earth Magic
 52007 | Snake:4  | Reached skill level 15 in Poison Magic
 52072 | Snake:4  | Noticed Vashnia
 52403 | Snake:4  | Found an ancient bone altar of Kikubaaqudgha.
 52438 | Snake:4  | Noticed Donald
 52440 | Snake:4  | Killed Donald
 52770 | Snake:4  | Killed Vashnia
 52849 | Snake:4  | Got a serpentine rune of Zot
 53438 | Orc:2    | Learned a level 7 spell: Dragon Form
 53612 | Slime:1  | Entered Level 1 of the Pits of Slime
 54027 | Slime:5  | Entered Level 5 of the Pits of Slime
 54191 | Slime:5  | Noticed the Royal Jelly
 54196 | Slime:5  | Killed the Royal Jelly
 54197 | Slime:5  | Reached XP level 26. HP: 195/234 MP: 26/44
 54805 | Slime:5  | Found the +0 pair of fencer's gloves {Riposte Dex+3}
 54814 | Slime:5  | Identified the ring of the King {rF+ EV+5}
 54819 | Slime:5  | Identified the ring of Relativism {rPois Str+6 Dex+5}
 54846 | Slime:5  | Identified the +2 long sword "Pulow" {holy, rPois Str+7}
 54865 | Slime:5  | Identified the scarf of Shielding {rC+ rF+, Will- Regen+
                  | Int-3 Stlth+}
 54875 | Slime:5  | Identified the +0 kite shield "Muiteoje" {Str+2}
 54899 | Slime:5  | Identified the staff of death "Ymemid" {rC+ rN+ Stlth+}
 54901 | Slime:5  | Got a slimy rune of Zot
 54977 | Slime:5  | Identified the +0 ring mail "Aseju" {Drain rElec Slay+6}
 54986 | Slime:5  | Identified the +9 halberd of the Warrior {drain, *Noise
                  | rPois rN+ Will+ Stlth+}
 55715 | Vaults:1 | Learned a level 8 spell: Necromutation
 55863 | Depths:1 | Learned a level 6 spell: Summon Cactus Giant
 56148 | Crypt:1  | Entered Level 1 of the Crypt
 57356 | Crypt:2  | Identified the +1 dagger "Toimuren" {heavy, rF+ Str+7}
 57759 | Crypt:3  | Entered Level 3 of the Crypt
 57759 | Crypt:3  | Noticed a dread lich
 57773 | Crypt:3  | Killed a dread lich
 58216 | Crypt:3  | Found a staircase to the Tomb.
 58869 | Crypt:3  | Found a basalt altar of Yredelemnul.
 58869 | Crypt:3  | Noticed a royal mummy
 58875 | Crypt:3  | Killed a royal mummy
 59056 | Crypt:3  | Found an ancient bone altar of Kikubaaqudgha.
 59096 | Crypt:3  | Found the +12 pair of quick blades "Gyre" and "Gimble"
                  | {protect}
 59107 | Crypt:3  | Identified the +8 sling of Calamity {flame, Stlth+}
 59287 | Vaults:3 | You paid a toll of 2 scrolls of acquirement to enter a
                  | treasure trove
 59288 | Trove    | Entered a treasure trove
 60210 | Pan      | Entered Pandemonium
 60260 | Pan      | Learned a level 2 spell: Lesser Beckoning
 60371 | Pan      | Identified the +3 leather armour "Zoiggybeg" {Fly rN+}
 60447 | Pan      | Learned a level 7 spell: Enfeeble
 60532 | Pan      | Reached XP level 27. HP: 229/244 MP: 39/45
 60550 | Pan      | Learned a level 2 spell: Passwall
 60643 | Pan      | Noticed Buruogh the pandemonium lord
 60649 | Pan      | Killed Buruogh the pandemonium lord
 60847 | Pan      | Identified the +6 halberd "Erech" {spect, Str+6}
 61209 | Pan      | Learned a level 5 spell: Freezing Cloud
 61255 | Pan      | Found an opulent altar of Gozag.
 61511 | Pan      | Found Weerphis's Fine Accessories.
 61521 | Pan      | Found an opulent altar of Gozag.
 61576 | Pan      | Found Weerphis's Superb Hardware.
 61583 | Pan      | Found an opulent altar of Gozag.
 61818 | Pan      | Noticed Weerphis the pandemonium lord
 61871 | Pan      | Killed Weerphis the pandemonium lord
 62058 | Pan      | Found Weerphis's Infernal Boutique.
 62060 | Pan      | Found Weerphis's Demonic Rune Store.
 62081 | Pan      | Entered the realm of Mnoleg.
 62081 | Pan      | Noticed Mennas
 62090 | Pan      | Killed Mennas
 62155 | Pan      | Lost mutation: Your muscles are strong. (Str +4, Int/Dex
                  | -1) [a neqoxec]
 62194 | Pan      | Noticed Mnoleg
 62214 | Pan      | Killed Mnoleg
 62286 | Pan      | Learned a level 1 spell: Apportation
 62287 | Pan      | Got a glowing rune of Zot
 62486 | Pan      | Entered the realm of Gloorx Vloq.
 62863 | Pan      | Noticed Gloorx Vloq
 63055 | Pan      | Killed Gloorx Vloq
 63179 | Pan      | Got a dark rune of Zot
 63488 | Pan      | Noticed Ciklinyu the pandemonium lord
 63494 | Pan      | Killed Ciklinyu the pandemonium lord
 63586 | Pan      | Entered the realm of Cerebov.
 63629 | Pan      | Found an exit through the horrors of the Abyss.
 63744 | Pan      | Identified the amulet "Wiyxysas" {Acrobat Str+4 Int+4
                  | Dex+2}
 64059 | Pan      | Identified the ring "Bitiamenk" {rCorr Str+4}
 64073 | Pan      | Found the +6 sword of Cerebov {flame}
 64073 | Pan      | Noticed Cerebov
 64637 | Pan      | Learned a level 8 spell: Maxwell's Capacitive Coupling
 64933 | Pan      | Learned a level 7 spell: Malign Gateway
 65292 | Pan      | Killed Cerebov
 65307 | Pan      | Identified the +8 dire flail "Nageat" {elec, Dex+3 Stlth+}
                  | (You took it off a balrug in Pandemonium)
 65318 | Pan      | Got a fiery rune of Zot
 65342 | Pan      | Identified the ring "Huew" {Dex+7 SInv}
 65423 | Pan      | Acquired 692 gold pieces
 65431 | Pan      | Got Vehumet's Grimoire of Crystalline Arcane Weapons
 65500 | Pan      | Got the Parchment of Generative Ill Luck
 65509 | Pan      | Identified the +10 dagger "Quf Zois" {elec, rC++ rCorr
                  | Dex+3}
 65514 | Pan      | Identified the staff of air "Luof" {rElec Str+2 SInv}
 65530 | Pan      | Identified the +3 morningstar of Beogh, Hurtling {freeze,
                  | rPois Int+3}
 65557 | Pan      | Identified the +9 long sword "Beastbane" {speed, rN+ rCorr
                  | Int+6}
 65592 | Pan      | Identified the +1 chain mail "Ycsu Lar" {rElec rF- Str+4
                  | Int+2}
 65858 | Pan      | Entered the realm of Lom Lobon.
 65878 | Pan      | Found an exit through the horrors of the Abyss.
 66502 | Pan      | Noticed Lom Lobon
 66522 | Pan      | Killed Lom Lobon
 66565 | Pan      | Got a magical rune of Zot
 66857 | Pan      | Identified the +9 tower shield of Experimentation {Harm}
 67151 | Pan      | Identified the +1 tower shield of the Falcon {Contam Will+
                  | Dex+4}
 69547 | Pan      | Identified the -2 tower shield of the Bulwark {Will+}
 69557 | Pan      | Found a glowing silver altar of Zin.
 70832 | Pan      | Noticed a seraph
 70862 | Pan      | Killed a seraph
 71028 | Pan      | Found a glowing golden altar of the Shining One.
 71036 | Pan      | Identified the +1 pair of gloves of Tenacity {Drain Fly
                  | rPois Stlth+}
 71040 | Pan      | Got a demonic rune of Zot
 71045 | Pan      | Identified the staff of earth "Ytoah" {+Blink Int+2}
 71073 | Pan      | Got the Essays on the Chill
 71608 | Pan      | Noticed Coger the pandemonium lord
 71616 | Pan      | Killed Coger the pandemonium lord
 71937 | Pan      | Noticed Miann the pandemonium lord
 71943 | Pan      | Killed Miann the pandemonium lord
 72145 | Depths:2 | Escaped Pandemonium
 72201 | Zot:1    | Entered Level 1 of the Realm of Zot
 72484 | Depths:4 | Upgraded the game from 0.30.0-29-ga12c61a403 to
                  | 0.30.1-4-g462c640d31
 72514 | Depths:3 | Voluntarily entered the Abyss.
 72714 | Abyss:2  | Identified the amulet "Rimam" {Faith rCorr}
 72777 | Abyss:3  | Found a corrupted altar of Lugonu.
 72858 | Abyss:5  | Found a corrupted altar of Lugonu.
 72868 | Abyss:5  | Got an abyssal rune of Zot
 72908 | Abyss:6  | Found a corrupted altar of Lugonu.
 72973 | Depths:3 | Escaped the Abyss
 73019 | Hell     | Entered the Vestibule of Hell
 73020 | Hell     | Noticed Geryon
 73498 | Hell     | Killed Geryon
 73736 | Hell     | Found a gateway to the freezing wastes of Cocytus.
 73751 | Coc:1    | Entered Level 1 of Cocytus
 73758 | Coc:1    | Learned a level 2 spell: Sublimation of Blood
 74008 | Coc:4    | Paralysed by a wendigo for 1 turns
 74791 | Coc:7    | Entered Level 7 of Cocytus
 74975 | Coc:7    | Paralysed by a wendigo for 1 turns
 75340 | Coc:7    | Reached skill level 27 in Ranged Weapons
 75764 | Coc:7    | Noticed Antaeus
 75772 | Coc:7    | Killed Antaeus
 76122 | Coc:7    | Got an icy rune of Zot
 76180 | Coc:7    | Identified the +5 bardiche "Tixkiefi" {venom, rPois Int+3}
 76404 | Hell     | Learned a level 5 spell: Summon Forest
 76497 | Depths:3 | Voluntarily entered the Abyss.
 76540 | Abyss:6  | Upgraded the game from 0.30.1-4-g462c640d31 to
                  | 0.30.1-11-g7821555f0a
 76654 | Depths:3 | Escaped the Abyss
 76753 | Zot:2    | Noticed an orb of fire
 76755 | Zot:2    | Gained mutation: You do not regenerate when monsters are
                  | visible. [an orb of fire]
 76758 | Zot:1    | Lost mutation: You do not regenerate when monsters are
                  | visible. [potion of mutation]
 76758 | Zot:1    | Lost mutation: You expend magic power (3 MP) to strengthen
                  | your wands. [potion of mutation]
 76758 | Zot:1    | Gained mutation: You are strong-willed. (Will+) [potion of
                  | mutation]
 76758 | Zot:1    | Gained mutation: Your system is resistant to poisons.
                  | (rPois) [potion of mutation]
 76835 | Zot:2    | Killed an orb of fire
 77403 | Zot:3    | Identified the +4 double sword "Yppudee" {pain, rElec
                  | rPois}
 77563 | Zot:4    | Acquired Juuddos's Tome of Electric Power
 77647 | Zot:5    | Entered Level 5 of the Realm of Zot
 77713 | Zot:5    | Noticed a dread lich
 77714 | Zot:5    | Killed a dread lich
 77716 | Zot:5    | Noticed an orb of fire
 77721 | Zot:5    | Noticed a dread lich
 77722 | Zot:5    | Noticed an orb of fire
 77723 | Zot:5    | Noticed an orb of fire
 77723 | Zot:5    | Noticed an orb of fire
 77723 | Zot:5    | fuck
 77785 | Zot:5    | Noticed an orb of fire
 77794 | Zot:5    | Killed an orb of fire
 77840 | Zot:5    | Killed a dread lich
 77884 | Zot:5    | Killed an orb of fire
 77913 | Zot:5    | Noticed an ancient lich
 77918 | Zot:5    | Killed an ancient lich
 77922 | Zot:5    | Killed an orb of fire
 78053 | Zot:5    | Noticed an orb of fire
 78056 | Zot:5    | Killed an orb of fire
 78060 | Zot:5    | Killed an orb of fire
 78162 | Zot:5    | Learned a level 3 spell: Vhi's Electric Charge
 78186 | Zot:5    | Noticed a dread lich
 78195 | Zot:5    | Killed a dread lich
 78345 | Zot:5    | Noticed an ancient lich
 78349 | Zot:5    | Killed an ancient lich
 78366 | Zot:5    | Noticed an ancient lich
 78380 | Zot:5    | Killed an ancient lich
 78416 | Zot:5    | Noticed a dread lich
 78422 | Zot:5    | Killed a dread lich
 78462 | Zot:5    | Reached skill level 27 in Axes
 78523 | Zot:5    | Killed an orb of fire
 78546 | Zot:5    | Noticed a dread lich
 78565 | Zot:5    | Killed a dread lich
 78611 | Zot:5    | Got the Orb of Zot
 78635 | Zot:5    | Noticed Kejeps the pandemonium lord
 78644 | Zot:5    | Killed Kejeps the pandemonium lord
 78874 | Depths:4 | Noticed Uvoxyif the pandemonium lord
 78882 | Depths:4 | Killed Uvoxyif the pandemonium lord
 79201 | D:12     | Noticed Vajyekip the pandemonium lord
 79207 | D:12     | Killed Vajyekip the pandemonium lord
 79486 | D:$      | Escaped with the Orb!

Illustrated notes

,**#^..^X........*.#**,,,,,,,,,,,
,* *#...........^§#* *,,^,,,,,,,,
,* #§.....d....X.# *,,,,,,,,,,,
,* *#....^...d..#* *,,,,,,,,,,,
,* #.§......§.$# *,,,,,,,,,,, ,*
##.......d§d§## *^,,,,,,,,,, **
#..§.X...§**§*# **,,,,,,,,,, *
*#........§XX*§## **,,,,,,,,,
#§.§......§XXL§§# **,,,,,,,, *
########.######## ********* *
#(.##..# * #....p## * #..####
######..# ...⌠....# ######.## *
#.#


Turn 77723 on Zot:5: fuck

Levels and vault maps discovered:
D:1:      dpeg_arrival_rooms_b, layout_basic, moated_statue
D:2:      layout_rooms, uniq_terence
D:3:      layout_loops_cross, nicolae_dithmenos_the_darkroom
D:4:      layout_basic, minmay_temple_entry_proselytizer
D:5:      layout_basic, dk_yredelemnul_ordeal, nicolae_wooded_promenade,
          minmay_statues_item, uniq_pikel
D:6:      layout_basic, serial_shops, shop_statue,
          cheibrodos_sewer_entry_sluice, minmay_stone_trees_small,
          grunt_ministairs_4
D:7:      layout_loops_ring, nicolae_wu_jian_immortal_techniques,
          hangedman_abyss_or_decor_lesser_grid, uniq_menkaure, uniq_maggie
D:8:      lemuel_insect_pit, layout_cave_pools, dreamdust_deal_with_the_devil,
          minmay_circle_x
D:9:      layout_basic, general_overflow_altar, david_lair_generic, erik_orc_3,
          lightli_minifort, uniq_amaemon, uniq_joseph
D:10:     layout_roguey, serial_shops, shop
D:11:     layout_basic, serial_rivers, chequers_serial_rivers_room_b,
          chequers_serial_rivers_micro_b, chequers_serial_rivers_large_b,
          chequers_serial_rivers_large_a, chequers_serial_rivers_small_3,
          chequers_serial_rivers_micro_b, uniq_nergalle
D:12:     layout_irregular_city, okawaru_trees_1
D:13:     minmay_tri_stars, layout_basic, minmay_st_funbox,
          chequers_serial_rivers_small_3
D:14:     layout_basic, david_vaults_3, chequers_serial_rivers_micro_e,
          uniq_frances
D:15:     grunt_enter_depths_snipers, layout_basic,
          nicolae_concentric_dashed_squares_mild, chequers_jeans,
          uniq_josephine, uniq_agnes, uniq_azrael
Temple:   dpeg_five_rooms_temple
Lair:1:   layout_chaotic_city
Lair:2:   layout_cave_shapes, guppyfry_snake_entry_island,
          infiniplex_staircase_pool_2
Lair:3:   layout_cave_pods, elwin_shoals_entry_stream, lemuel_oklob_altar
Lair:4:   pond_and_an_island_with_a_cottage, layout_hall_layers, slime_entry_2,
          basic_altar, uniq_nessos
Lair:5:   cheibrodos_lair_end_hotspot, layout_long_grid
Shoals:1: layout_shoals, portal_ice_cave_entry_ice_statue_two
Shoals:2: cheibrodos_shoals_satyrical_garden, layout_shoals, uniq_mlioglotl
Shoals:3: cheibrodos_shoals_roost, layout_shoals, serial_shops,
          nicolae_shop_hallway_plus, nicolae_shoals_lost_giant_baths
Shoals:4: shoals_end_grunt_garden, layout_shoals, nicolae_shop_overcharged_wands
Snake:1:  nicolae_snake_nest, layout_onion_interference, serial_shops,
          nicolae_shop_stone, serial_bayou_shore_a
Snake:2:  layout_misc_corridors
Snake:3:  layout_layer_cave
Snake:4:  grunt_snake_rune_serpentine_throne, layout_cave_town, basic_altar,
          nicolae_snake_snakes_in_the_grass, lemuel_fruit_tree, uniq_donald
Slime:1:  layout_caves
Slime:2:  layout_caves
Slime:3:  layout_caves
Slime:4:  layout_caves, cheibrodos_slime_lost_civilization_7
Slime:5
Orc:1:    layout_caves, serial_shops, nicolae_shop_scrapyard, uniq_snorg
Orc:2:    kennysheep_orc_mage_school, layout_caves
Elf:1:    eino_elf_arrival_sip, layout_rooms, serial_shops, shop,
          portal_desolation_entry_holy_temple, minmay_elf_necromancy,
          minmay_misc_feat_rows, roderic_lattice_octagonal_star
Elf:2:    nicolae_elf_blades_crystal_corner, layout_gridlike
Elf:3:    elf_hall, layout_geoelf_castle, lemuel_flamethrower_hall
Vaults:1: ontoclasm_vaults_shuriken, hangedman_vaults_trim,
          ontoclasm_vaults_claustrophobia, nicolae_vaults_trapezoid_lopsided_1,
          nicolae_vaults_storage_closets_1, vaults_mumra_minichess,
          nicolae_vaults_closet_pinwheel_1, nicolae_vaults_tetromino_Z_1,
          hangedman_vaults_trim, hangedman_vaults_maws,
          grunt_vaults_hallway_long, layout_vaults_omnicross, serial_shops,
          bzr_entry_road
Vaults:2: minmay_crypt_entry_necro_gods, v_rooms_3,
          nicolae_vaults_closet_pinwheel_6, nicolae_vaults_storage_room_water,
          nicolae_vaults_trapezoid_lopsided_1, vaults_dpeg_ring,
          layout_vaults_chaotic_city, serial_shops, nicolae_shop_hallway_plus,
          uniq_saint_roka
Vaults:3: hangedman_vaults_stagger, ontoclasm_vaults_chip,
          nicolae_vaults_trapezoid_3, hangedman_vaults_nails,
          nicolae_vaults_shipping_containers_5, vaults_dpeg_cross,
          nicolae_vaults_trapezoid_lopsided_3, ontoclasm_vaults_ring_small,
          layout_vaults_quadrants, trove_entry_hex_spiral, serial_shops,
          nicolae_shop_tiny_statue_garden, uniq_mara, uniq_sojobo, uniq_margery,
          uniq_zenata
Vaults:4: kb_rosetta, nicolae_vaults_tangram_2, nicolae_vaults_tangram_2,
          nicolae_vaults_tangram_2, nicolae_vaults_diamond_2, v_pattern_5,
          nicolae_vaults_cornered_office, v_misc_27, ontoclasm_vaults_twist,
          nicolae_vaults_sesquioval_fish, nicolae_vaults_diamond_1,
          ontoclasm_vaults_pinch, v_misc_15, nicolae_vaults_tetromino_T_2,
          layout_vaults_ring
Vaults:5
Crypt:1:  layout_chaotic_city, amcnicky_mini_corridor_feature, minivault_19,
          minmay_misc_feat_pillars, uniq_frederick
Crypt:2:  layout_rooms, nicolae_crypt_knee_deep_in_the_dead
Crypt:3:  lightli_unholy_cathedral, layout_chaotic_city,
          tomb_entry_forgotten_bobbens, uniq_josephina
Depths:1: layout_cave_pools, grunt_mini_vestibule, pan_entry,
          nicolae_ru_the_path_less_chosen
Depths:2: minmay_nine_rooms, layout_honeycomb, pan_entry,
          minmay_misc_feat_four_crosses, serial_shops,
          nicolae_shop_window_shopping, hell_entry, nrook_uturn
Depths:3: minmay_mutant_horseshoe, layout_cave_shapes, enter_ziggurat_f,
          abyss_entry_flame_altar, fiery_altar_vehumet, hangedman_coc_ice_floe,
          serial_bayou, serial_bayou_pond_e, serial_bayou_lagoon_a,
          serial_bayou_ford_a, serial_bayou_pond_c, nicolae_specific_store,
          hangedman_abyss_or_decor_stabs, infiniplex_staircase_squiggle
Depths:4: grunt_zot_entry_funnels, layout_cave_pools, roderic_roman_lattice,
          hell_entry, serial_shops, shop_fountains, zin_scriptorium
Hell
Coc:1:    layout_cocytus_water_paths
Coc:2:    layout_ice_bergs
Coc:3:    layout_cocytus_water_paths
Coc:4:    layout_cocytus_delve
Coc:5:    layout_cocytus_water_paths
Coc:6:    layout_cocytus_water_paths
Coc:7:    coc_old
Zot:1:    layout_gridlike, gammafunk_ghost_ooze, bh_zot_levy_curve,
          nrook_zot_tub
Zot:2:    layout_gridlike
Zot:3:    layout_gridville, nicolae_rock_paper_scissors
Zot:4:    layout_concentric_octagons, grunt_ministairs_1, grunt_megastairs_4
Zot:5:    layout_gridlike, grunt_ministairs_5

Skill      XL: |  1  2  3  4  5  6  7  8  9 10 11 12 13 14 15 16 17 18 19 20 21 22 23 24 25 26 27 |
---------------+----------------------------------------------------------------------------------+-----
Stealth        | 10 11 12 13 14 15 16 17 18 19 20 24 | 24.1
Invocations    | 1 2 3 4 5 6 7 8 10 11 12 13 14 15 16 17 18 19 20 24 | 24.5
Short Blades   | 1 2 3 5 6 7 8 9 10 11 12 13 14 15 16 17 18 22 | 22.7
Long Blades    | 1 2 3 5 6 7 8 9 10 11 12 13 14 15 16 17 18 22 | 22.7
Axes           | 1 2 3 5 6 7 8 9 10 11 12 13 14 15 17 18 19 20 21 22 27 | 27.0
Polearms       | 1 2 3 5 6 7 8 9 10 11 12 13 14 15 16 17 18 22 | 22.7
Staves         | 1 2 3 5 6 7 8 9 10 11 12 13 14 15 16 17 18 22 | 22.7
Ranged Weapons | 1 2 3 5 6 7 8 9 10 11 12 13 15 16 17 18 19 20 21 22 27 | 27.0
Throwing       | 1 2 3 5 6 7 8 9 10 11 12 13 14 15 16 17 18 22 | 22.7
Armour         | 1 2 3 5 6 7 8 9 10 11 12 13 14 15 16 17 18 22 | 22.7
Shields        | 1 2 3 5 6 7 8 9 10 11 12 13 14 15 16 17 18 22 | 22.7
Unarmed Combat | 1 2 3 5 6 7 8 9 10 11 12 13 14 15 16 17 18 22 | 22.7
Spellcasting   | 1 2 3 5 6 7 8 9 10 11 12 13 14 15 16 17 18 22 | 22.7
Evocations     | 1 2 3 5 6 7 8 9 10 11 12 13 14 15 16 17 18 22 | 22.7
Conjurations   | 1 2 3 4 5 6 7 8 9 10 11 12 13 14 15 19 | 19.4
Hexes          | 1 2 3 4 5 6 7 8 9 10 11 12 13 14 15 19 | 19.4
Summonings     | 1 2 3 4 5 6 7 8 9 10 11 12 13 14 15 19 | 19.4
Necromancy     | 1 2 3 4 5 6 7 8 9 10 11 12 13 14 15 19 | 19.4
Translocations | 1 2 3 4 5 6 7 8 9 10 11 12 13 14 15 19 | 19.4
Transmutations | 1 2 3 4 5 6 7 8 9 10 11 12 13 14 15 19 | 19.4
Fire Magic     | 1 2 3 4 5 6 7 8 9 10 11 12 13 14 15 19 | 19.4
Ice Magic      | 1 2 3 4 5 6 7 8 9 10 11 12 13 14 15 16 17 18 24 | 24.0
Air Magic      | 1 2 3 4 5 6 7 8 9 10 11 12 13 14 15 19 | 19.4
Earth Magic    | 1 2 3 4 5 6 7 8 9 10 11 12 13 14 15 19 | 19.4
Poison Magic   | 1 2 3 4 5 6 7 8 9 10 11 12 13 14 15 19 | 19.4
Maces & Flails | 5 6 7 8 9 10 11 12 13 14 15 16 17 18 19 23 | 23.0
Dodging        | 5 6 7 8 9 10 11 12 13 14 15 16 17 18 19 23 | 23.0
Fighting       | 7 8 9 10 11 12 13 14 15 16 17 18 19 23 | 23.4

Action                     |  1- 3 |  4- 6 |  7- 9 | 10-12 | 13-15 | 16-18 | 19-21 | 22-24 | 25-27 || total
---------------------------+-------+-------+-------+-------+-------+-------+-------+-------+-------++-------
  Melee: Mace              |    28 |     2 |       |       |       |       |       |       |       ||    30
         Bite              |     3 |    12 |    34 |    87 |   260 |   228 |   362 |   144 |   434 ||  1564
         Flail             |       |   199 |   167 |       |       |       |       |       |       ||   366
         Punch             |       |     2 |     8 |    36 |    10 |       |       |       |   119 ||   175
         Morningstar       |       |       |   152 |    94 |       |       |       |  1012 |  1100 ||  2358
         Whip              |       |       |     4 |       |       |       |       |       |       ||     4
         Demon whip        |       |       |       |   434 |  1299 |   394 |   458 |       |       ||  2585
         Broad axe         |       |       |       |       |    10 |   310 |   400 |   205 |   350 ||  1275
         Scimitar          |       |       |       |       |     4 |       |       |       |       ||     4
         Sacred scourge    |       |       |       |       |       |   456 |   551 |       |       ||  1007
         Hand axe          |       |       |       |       |       |    36 |       |       |       ||    36
         Unarmed           |       |       |       |       |       |       |    21 |       |    41 ||    62
         Staff             |       |       |       |       |       |       |       |       |   195 ||   195
         Tailslap          |       |       |       |       |       |       |       |       |     1 ||     1
         Great mace        |       |       |       |       |       |       |       |       |  1066 ||  1066
         Flamberge         |       |       |       |       |       |       |       |       |   928 ||   928
         Halberd           |       |       |       |       |       |       |       |       |   671 ||   671
         Eudemon blade     |       |       |       |       |       |       |       |       |    48 ||    48
         Longbow           |       |       |       |       |       |       |       |       |    32 ||    32
   Fire: Longbow           |       |       |       |       |       |       |       |       |    53 ||    53
  Throw: Dart              |       |    10 |       |     1 |     1 |     6 |     3 |       |       ||    21
         Javelin           |       |       |       |       |     7 |    52 |    11 |     4 |    20 ||    94
         Boomerang         |       |       |       |       |       |    33 |       |       |    33 ||    66
         Throwing net      |       |       |       |       |       |       |       |       |     5 ||     5
   Cast: Ozocubu's Armour  |       |       |     4 |       |       |       |     5 |     1 |       ||    10
         Dazzling Flash    |       |       |     5 |       |       |       |       |       |     1 ||     6
         Volatile Blastmot |       |       |     1 |       |       |       |       |       |       ||     1
         Ignite Poison     |       |       |       |       |       |       |    35 |    28 |       ||    63
         Poisonous Vapours |       |       |       |       |       |       |    26 |    20 |       ||    46
         Olgreb's Toxic Ra |       |       |       |       |       |       |    20 |    20 |       ||    40
         Conjure Ball Ligh |       |       |       |       |       |       |     8 |     7 |    63 ||    78
         Animate Armour    |       |       |       |       |       |       |     7 |       |     1 ||     8
         Manifold Assault  |       |       |       |       |       |       |       |   218 |   940 ||  1158
         Plasma Beam       |       |       |       |       |       |       |       |       |   108 ||   108
         Arcjolt           |       |       |       |       |       |       |       |       |    32 ||    32
         Dragon Form       |       |       |       |       |       |       |       |       |     2 ||     2
         Summon Cactus Gia |       |       |       |       |       |       |       |       |     3 ||     3
         Lesser Beckoning  |       |       |       |       |       |       |       |       |    40 ||    40
         Enfeeble          |       |       |       |       |       |       |       |       |     1 ||     1
         Necromutation     |       |       |       |       |       |       |       |       |    53 ||    53
         Apportation       |       |       |       |       |       |       |       |       |    17 ||    17
         Freezing Cloud    |       |       |       |       |       |       |       |       |    14 ||    14
         Maxwell's Capacit |       |       |       |       |       |       |       |       |    11 ||    11
         Passwall          |       |       |       |       |       |       |       |       |    11 ||    11
         Sublimation of Bl |       |       |       |       |       |       |       |       |    10 ||    10
         Malign Gateway    |       |       |       |       |       |       |       |       |     7 ||     7
         Summon Forest     |       |       |       |       |       |       |       |       |     1 ||     1
         Vhi's Electric Ch |       |       |       |       |       |       |       |       |     1 ||     1
 Invoke: Slouch            |       |       |       |     3 |     2 |    12 |    11 |       |    11 ||    39
         Bend Time         |       |       |       |     2 |       |       |     1 |       |       ||     3
         Temporal Distorti |       |       |       |     1 |     1 |     4 |     4 |       |    24 ||    34
         Step From Time    |       |       |       |       |       |       |     1 |       |     4 ||     5
Ability: End Transformatio |       |       |       |       |       |       |       |       |    14 ||    14
  Evoke: Wand              |       |       |     3 |       |       |     2 |     8 |     2 |    17 ||    32
    Use: Scroll            |     2 |     1 |    10 |     3 |     4 |     4 |     3 |     3 |    52 ||    82
         Potion            |     1 |     2 |     4 |     5 |     3 |     3 |     2 |     2 |    30 ||    52
   Stab: Distracted        |     1 |       |     1 |     1 |     2 |    23 |    22 |     6 |    75 ||   131
         Sleeping          |     1 |    17 |     6 |     1 |    10 |     1 |     7 |       |     2 ||    45
         Invisible         |       |       |     2 |     1 |     1 |     2 |     5 |     2 |     2 ||    15
         Held in net/web   |       |       |       |       |       |       |       |       |    10 ||    10
         Petrifying        |       |       |       |       |       |       |       |       |     1 ||     1
 Armour: Leather armour    |    10 |     2 |       |       |       |       |       |       |       ||    12
         Ring mail         |       |    90 |    95 |       |       |       |       |       |       ||   185
         Chain mail        |       |       |    36 |       |       |       |       |       |       ||    36
         Plate armour      |       |       |   151 |   466 |   486 |   465 |   401 |       |       ||  1969
         Skin              |       |       |       |       |       |     2 |       |       |       ||     2
         Gold dragon scale |       |       |       |       |       |       |   209 |   419 |   950 ||  1578
         Fire dragon scale |       |       |       |       |       |       |       |       |   301 ||   301
         Pearl dragon scal |       |       |       |       |       |       |       |       |    26 ||    26
  Dodge: Dodged            |    18 |   143 |   308 |   473 |   852 |   772 |  1100 |   781 |  3361 ||  7808
  Block: Buckler           |       |       |       |       |   416 |   476 |   610 |   511 |       ||  2013
         Tower shield      |       |       |       |       |       |       |       |       |   944 ||   944
         Kite shield       |       |       |       |       |       |       |       |       |     3 ||     3
